 Dungeon Crawl Stone Soup version 0.25.1-2-g60ff931df9 (webtiles) character file.

Game seed: 2045990589728606784

228 graki42 the Magician (level 5, 0/28 HPs)
             Began as a Deep Elf Fire Elementalist on Aug 3, 2020.
             Killed by miscasting Sticky Flame (10 damage)
             ... on level 3 of the Dungeon.
             The game lasted 00:13:57 (3357 turns).

graki42 the Magician (Deep Elf Fire Elementalist)   Turns: 3357, Time: 00:13:58

Health: 0/28       AC:  3    Str:  6    XL:     5   Next: 70%
Magic:  10/14      EV: 13    Int: 20    God:
Gold:   146        SH:  0    Dex: 15    Spells: 3/14 levels left

rFire    . . .     SeeInvis .   f - +0 rapier
rCold    . . .     Gourm    .   (no shield)
rNeg     . . .     Faith    .   a - +0 robe
rPois    .         Spirit   .   (no helmet)
rElec    .         Reflect  .   (no cloak)
rCorr    .         Harm     .   (no gloves)
MR       +....                  u - +0 pair of boots
Stlth    +++.......             (no amulet)
HPRegen  0.09/turn              d - ring of stealth
MPRegen  0.14/turn              t - ring of protection from magic

@: very slightly contaminated, lightly drained
A: no striking features
a: no special abilities


You were on level 3 of the Dungeon.
You were near starving.

You visited 1 branch of the dungeon, and saw 4 of its levels.
You also visited: Sewer.

You collected 146 gold pieces.

Inventory:

Hand Weapons
 f - a +0 rapier (weapon)
Missiles
 p - a throwing net (quivered)
Armour
 a - a +0 robe (worn)
 h - a +0 leather armour
 u - a +0 pair of boots (worn)
Jewellery
 d - a ring of stealth (left hand)
 r - an uncursed ring of stealth
 t - a ring of protection from magic (right hand)
 w - an uncursed ring of fire {unknown}
Scrolls
 e - 5 scrolls of teleportation
 g - 2 scrolls of blinking {unknown}
 i - a scroll of fog {unknown}
 v - a scroll of magic mapping {unknown}
 x - a scroll of enchant weapon
Potions
 b - 2 potions of heal wounds
 j - a potion of berserk rage {unknown}
 k - a potion of magic {unknown}
 l - 2 potions of stabbing {unknown}
 m - 2 potions of flight {unknown}
 n - a potion of ambrosia
 o - 3 potions of curing {unknown}
 q - a potion of brilliance {unknown}
 s - 3 potions of might {unknown}
Comestibles
 c - 7 rations


   Skills:
 + Level 0.1(0.0) Fighting
 + Level 2.9(2.5) Dodging
 + Level 3.0(2.6) Stealth
 + Level 5.2(4.7) Spellcasting
 + Level 2.6(2.2) Conjurations
 * Level 1.1(0.7) Hexes
 + Level 4.9(4.4) Fire Magic


You had 3 spell levels left.
You knew the following spells:

 Your Spells              Type           Power        Failure   Level  Hunger
a - Foxfire               Conj/Fire      ###.         3%          1    None
b - Conjure Flame         Conj/Fire      ###.....     9%          3    ##.....
c - Inner Flame           Hex/Fire       ###.....     12%         3    ##.....
d - Sticky Flame          Conj/Fire      ###.....     30%         4    ####...

Your spell library contained the following spells:

 Spells                   Type           Power        Failure   Level  Hunger
 Fireball                 Conj/Fire      ###.......   63%         5    ######.


Dungeon Overview and Level Annotations

Branches:
Dungeon (4/15)              Sewer (visited)
 Temple: D:4-7

Altars:
Okawaru
Trog


Message History

Found a ration.
Found a stone staircase leading down.
There is a stone staircase leading up here.
The iguana bites you!
The wight hits you with a cursed -1 war axe.
You feel drained.
You climb upwards.
There is a stone staircase leading down here.
Casting: Foxfire (safe; 3% risk of failure)
Confirm with . or Enter, or press ? or * to list all spells.
Okay, then.
Casting: Foxfire (safe; 3% risk of failure)
Confirm with . or Enter, or press ? or * to list all spells.
The spell is potentially lethal to cast (30% risk of failure)!
Continue anyway?
Aiming: Sticky Flame (potentially lethal; 30% risk of failure)
Press: ? - help, Shift-Dir - straight line, f - iguana
Aim: an iguana You miscast Sticky Flame.
You are very lightly contaminated with residual magic.
You are caught in a fiery explosion!
You die...

#.##...# ##..###.# ### #.####.###
#......# ..# #.# #...# #..##..#
..# #.# ##..### ##.##..# ..# #.#
#....# #[##..#
..###.#####....####.###.# ##
................>)......########.
..###.##########z###.............
..# #.# #@l..##.....#####. ###
#.# ####.###)...###### #.#
#..##........## #.#
##......#....## #####.######
###..#...#...# #.<........#
#..###..##.# #..........#
##.####..#.. #..........#
#.......#.# #######..###
#.#####.#.#


You could see an iguana and a wight.

Vanquished Creatures
  A worker ant (D:4)
  2 orc wizards
  5 adders
  2 river rats (D:3)
  2 oozes
  A worm (D:2)
  2 dart slugs
  8 orcs (D:3)
  4 giant cockroaches
  7 goblins
  5 hobgoblins
  2 jackals (D:1)
  2 kobolds (D:1)
  8 ball pythons
  8 bats
  14 frilled lizards
  3 rats (D:1)
76 creatures vanquished.

Vanquished Creatures (others)
  192 foxfires
  9 toadstools (D:4)
201 creatures vanquished.

Grand Total: 277 creatures vanquished

Notes
Turn   | Place    | Note
-------+----------+-------------------------------------------
     0 | D:1      | graki42 the Deep Elf Fire Elementalist began the quest for
                  | the Orb.
     0 | D:1      | Reached XP level 1. HP: 10/10 MP: 6/6
   120 | D:1      | Reached XP level 2. HP: 12/15 MP: 5/8
   502 | D:1      | Reached XP level 3. HP: 19/19 MP: 3/9
  1282 | D:2      | Reached XP level 4. HP: 21/24 MP: 6/11
  1295 | D:2      | Found a bloodstained altar of Trog.
  1388 | D:2      | Found an iron altar of Okawaru.
  1635 | D:3      | Reached skill level 4 in Spellcasting
  1725 | D:3      | Found a glowing drain.
  1751 | Sewer    | Entered a sewer
  1755 | Sewer    | Reached XP level 5. HP: 8/28 MP: 1/13
  1881 | Sewer    | Learned a level 3 spell: Conjure Flame
  1885 | Sewer    | Learned a level 3 spell: Inner Flame
  1890 | Sewer    | Learned a level 4 spell: Sticky Flame
  2923 | D:4      | Reached skill level 5 in Spellcasting
  3132 | D:4      | Reached skill level 1 in Hexes
  3357 | D:3      | Killed by miscasting Sticky Flame

Illustrated notes

Levels and vault maps discovered:
D:1:      eino_arrival_cavern_e, layout_basic, minmay_strange_pillars,
          minmay_tromino_v4_b
D:2:      layout_loops_cross, lemuel_coloured_pillars_altar, lemuel_doored_altar
D:3:      layout_rooms, portal_sewer_entry_e, first_ration, nrook_mini_backslash
D:4:      cheibrodos_fertilizer, layout_loops_ring, minmay_temple_entry_tees

Skill      XL: |  1  2  3  4  5 |
---------------+----------------+-----
Fire Magic     | 4 |  4.9
Spellcasting   | 4 5 |  5.2
Conjurations   | 2 |  2.6
Stealth        | 3 |  3.0
Hexes          | 1 |  1.1
Fighting       | |  0.1
Dodging        | |  2.9

Action                   |  1- 3 |  4- 6 || total
-------------------------+-------+-------++-------
Melee: Unarmed           |     3 |     1 ||     4
 Cast: Foxfire           |    61 |    66 ||   127
       Sticky Flame      |       |     1 ||     1
  Use: Scroll            |     1 |     5 ||     6
       Potion            |       |     1 ||     1
  Eat: Chunk             |     1 |     5 ||     6
Armor: Robe              |     3 |    16 ||    19
Dodge: Dodged            |    17 |    43 ||    60
